 Dungeon Crawl Stone Soup version 0.30-a0-989-g0d87f670db (webtiles) character file.

Game seed: 11557012411794769232

2021 jtron the Magician (level 9, -5/65 HPs)
             Began as a Demonspawn Wanderer on Apr 3, 2023.
             Slain by a two-headed ogre
             ... wielding a +0 giant club
              (18 damage)
             ... on level 7 of the Dungeon.
             The game lasted 00:22:22 (6982 turns).

jtron the Magician (Demonspawn Wanderer)            Turns: 6982, Time: 00:22:22

Health: -5/65      AC:  5    Str: 13    XL:     9   Next: 3%
Magic:  16/17      EV: 12    Int: 15    God:
Gold:   356        SH:  4    Dex: 15    Spells: 14/19 levels left

rFire   . . .      SeeInvis .    b - +4 short sword (drain)
rCold   . . .      Faith    .    (no shield)
rNeg    . . .      Spirit   .    e - +0 leather armour
rPois   .          Reflect  .    o - +1 helmet
rElec   .          Rampage  .    (no cloak)
rCorr   +                        (no gloves)
Will    +....                    (no boots)
Stlth   ++                       (no amulet)
HPRegen 0.30/turn                c - ring of resist corrosion
MPRegen 0.15/turn                w - ring of willpower

@: mighty
A: claws 1, powered by pain 1, sturdy frame 2, condensation shield
a: no special abilities


You were on level 7 of the Dungeon.
You visited 1 branch of the dungeon, and saw 7 of its levels.

You collected 356 gold pieces.

Inventory:

Hand Weapons
 a - a +1 sling of draining
 b - a +4 short sword of draining (weapon)
 g - a +2 dagger
Missiles
 h - 34 stones (quivered)
 i - 2 curare-tipped darts
Armour
 e - a +0 leather armour (worn)
 o - a +1 helmet (worn)
Jewellery
 c - a ring of resist corrosion (left claw)
 r - the Hermit's Pendant {Faith Invo=14 Evo=0 MP+5}
   (You found it on level 4 of the Dungeon)

   [amulet of faith]

   Invo=14: It sets your Invocations skill to 14.
   Evo=0: It sets your Evocations skill to 0.
   It allows you to gain divine favour quickly.
   MP:        It affects your magic capacity (+5).
 w - a ring of willpower (right claw)
Scrolls
 l - 2 scrolls of enchant armour
 n - 6 scrolls of teleportation
 q - 3 scrolls of identify
 u - a scroll of acquirement {unknown}
 v - a scroll of amnesia
Potions
 d - a potion of lignification
 f - a potion of attraction {unknown}
 k - 2 potions of degeneration
 m - 2 potions of berserk rage
 s - 2 potions of flight
 t - a potion of curing
 x - 2 potions of mutation {unknown}


   Skills:
 * Level 3.8 Fighting
 + Level 2.1 Short Blades
 + Level 1.0 Ranged Weapons
 + Level 3.1 Throwing
 + Level 0.1 Armour
 + Level 2.2 Dodging
 + Level 1.2 Stealth
 + Level 0.3 Shields
 * Level 5.8 Spellcasting
 * Level 3.2 Necromancy
 * Level 4.3 Transmutations
 * Level 3.0 Fire Magic
 + Level 4.2 Poison Magic
 + Level 1.0 Evocations


You had 14 spell levels left.
You knew the following spells:

 Your Spells              Type           Power      Damage    Failure   Level
a - Sting                 Tmut/Pois      68%        1d6       2%          1
b - Ignite Poison         Fire/Tmut/Pois 16%        N/A       9%          3
c - Necrotise             Necr           56%        1d6       3%          1

Your spell library contained the following spells:

 Spells                   Type           Power      Damage    Failure   Level
 Vampiric Draining        Necr           14%        2d7       12%         3
 Apportation              Tloc           8%         N/A       16%         1
 Slow                     Hex            16%        N/A       16%         1
 Summon Small Mammal      Summ           16%        N/A       16%         1
 Inner Flame              Hex/Fire       8%         N/A       24%         3
 Confusing Touch          Hex            4%         N/A       41%         3
 Flame Wave               Conj/Fire      8%         2d5       63%         4
 Sticky Flame             Conj/Fire      8%         2d3       63%         4
 Agony                    Necr           14%        N/A       71%         5
 Passage of Golubria      Tloc           4%         N/A       83%         4
 Silence                  Hex/Air        2%         N/A       99%         5
 Lehudib's Crystal Spear  Conj/Erth      2%         10d2      100%        8


Dungeon Overview and Level Annotations

Branches:
Dungeon (7/15)             Temple (0/1) D:4

Altars:

Shops:
D:1 *   D:7 (

Portals:
Abyss: D:3

Annotations:
D:3 2 transporters, xian's ghost, amateur DsCK
D:5 2 runed translucent doors, Shard1697's ghost, novice AtFi


Innate Abilities, Weirdness & Mutations

You have sharp fingernails.
You sometimes gain a little power by taking damage.
Your movements are less encumbered by armour. (ER -4)
A meltable shield of frost defends you. (SH +4)


Message History

Aim: a two-headed ogre, wielding a +0 giant club and a +0 giant spiked club (lightly wounded, poisoned, 88% to hit)
The sting hits the two-headed ogre.
The two-headed ogre looks even sicker.
The two-headed ogre is lightly wounded.
Casting: Sting (safe; 2% risk of failure)
Confirm with . or Enter, or press ? or * to list all spells.
Aiming: Sting (safe; 2% risk of failure)
Press: ? - help, Shift-Dir - straight line, f - iguana, p - two-headed ogre
Aim: an iguana (77% to hit)
Out of range.
Okay, then.
You barely miss the two-headed ogre.
The two-headed ogre is lightly wounded.
The two-headed ogre hits you with a +0 giant club!
You focus on the pain.
You feel your power returning.
The two-headed ogre hits you with a +0 giant spiked club!
You focus on the pain.
You feel very mighty all of a sudden.
Casting: Sting (safe; 2% risk of failure)
Confirm with . or Enter, or press ? or * to list all spells.
Aiming: Sting (safe; 2% risk of failure)
Press: ? - help, Shift-Dir - straight line, f - iguana, p - two-headed ogre
Aim: an iguana (77% to hit)
The sting misses the two-headed ogre.
The sting hits the iguana but does no damage.
The iguana is poisoned.
Casting: Sting (safe; 2% risk of failure)
Confirm with . or Enter, or press ? or * to list all spells.
You ignite the poison in your surroundings!
The two-headed ogre seems to burn from within!!
The two-headed ogre is almost dead.
The iguana seems to burn from within!
The iguana is almost dead.
The two-headed ogre hits you with a +0 giant club!
The two-headed ogre hits you with a +0 giant spiked club!
* * * LOW HITPOINT WARNING * * *
You focus on the pain.
You feel your power returning.
You closely miss the two-headed ogre.
The two-headed ogre is almost dead.
The two-headed ogre hits you with a +0 giant club!!
You die...

...#...# . #..#
#......#### .
#..###.......... .
#..##........... .
#..##.......# .
####..#.)......#
##.
#..............#
#..
..##..........#
###..
#@O........###....
#.l............#..
#.............####
#...........###
#...........#
#...........#
.....##.....###
.....####.....#
#......#..##....#


You could see a two-headed ogre and an iguana.

Vanquished Creatures
  A two-headed ogre (D:6)
  A water moccasin (D:6)
  A sky beast (D:6)
  2 ogres
  A centaur (D:7)
  A phantom (D:4)
  A bullfrog (D:6)
  3 scorpions (D:6)
  A howler monkey (D:7)
  3 hounds
  A jelly (D:6)
  An orc priest (D:4)
  Natasha (thrice) (D:3)
  An iguana (D:4)
  2 orc wizards (D:6)
  Robin (D:3)
  9 adders
  6 gnolls
  A shadow imp (D:7)
  3 white imps
  2 ufetubi
  A worm (D:2)
  3 dart slugs
  12 orcs
  2 endoplasms
  5 giant cockroaches
  8 goblins
  14 hobgoblins
  13 jackals
  9 kobolds
  4 quokkas
  8 ball pythons
  10 bats
  9 frilled lizards
  5 rats
148 creatures vanquished.

Vanquished Creatures (others)
  A rat (D:1)
1 creature vanquished.

Grand Total: 149 creatures vanquished

Notes
Turn   | Place    | Note
-------+----------+-------------------------------------------
     0 | D:1      | jtron the Demonspawn Wanderer began the quest for the Orb.
     0 | D:1      | jtron set off with the following items: a +2 dagger, 4
                  | curare-tipped darts, a scroll of teleportation, a potion of
                  | lignification, a +0 leather armour; and the following spell
                  | memorised: Sting; and the following spells available to
                  | memorise: Ignite Poison.
     0 | D:1      | Reached XP level 1. HP: 15/15 MP: 3/3
    82 | D:1      | Found Wugev's Assorted Antiques.
   179 | D:1      | Gained mutation: Your movements are slightly less
                  | encumbered by armour. (ER -2) [demonic ancestry]
   179 | D:1      | Reached XP level 2. HP: 11/21 MP: 1/5
   815 | D:1      | Gained mutation: You have sharp fingernails. [demonic
                  | ancestry]
   815 | D:1      | Reached XP level 3. HP: 25/26 MP: 6/6
  1121 | D:2      | Learned a level 3 spell: Ignite Poison
  1519 | D:2      | Gained mutation: Your movements are less encumbered by
                  | armour. (ER -4) [demonic ancestry]
  1519 | D:2      | Reached XP level 4. HP: 33/33 MP: 4/7
  1521 | D:2      | Reached skill level 1 in Transmutations
  2227 | D:3      | Noticed a small abomination
  2288 | D:3      | Found a transporter.
  2291 | D:3      | Noticed xian's ghost (amateur DsCK)
  2300 | D:3      | Noticed Natasha
  2318 | D:3      | Reached XP level 5. HP: 14/38 MP: 6/9
  2323 | D:3      | Killed Natasha
  2517 | D:3      | Noticed Natasha
  2533 | D:3      | Killed Natasha
  2672 | D:3      | Found a transporter.
  2675 | D:3      | Found a one-way gate to the infinite horrors of the Abyss.
  2869 | D:3      | Noticed Natasha
  2914 | D:3      | Reached skill level 1 in Fire Magic
  2914 | D:3      | Noticed Robin
  2923 | D:3      | Killed Robin
  2924 | D:3      | Reached skill level 3 in Spellcasting
  3051 | D:3      | Killed Natasha
  3052 | D:3      | Reached skill level 1 in Stealth
  3304 | D:4      | Gained mutation: You sometimes gain a little power by
                  | taking damage. [demonic ancestry]
  3304 | D:4      | Reached XP level 6. HP: 41/44 MP: 10/10
  3341 | D:4      | Found the Hermit's Pendant {Faith Invo=14 Evo=0 MP+5}
  3553 | D:4      | Reached skill level 1 in Short Blades
  3996 | D:4      | Learned a level 1 spell: Necrotise
  4178 | D:4      | Found a staircase to the Ecumenical Temple.
  4380 | D:5      | Entered Level 5 of the Dungeon
  4537 | D:5      | Reached skill level 1 in Necromancy
  4537 | D:5      | Gained mutation: A meltable shield of frost defends you.
                  | (SH +4) [demonic ancestry]
  4537 | D:5      | Reached XP level 7. HP: 25/51 MP: 12/12
  5174 | D:5      | Found a large runed translucent door.
  5174 | D:5      | Found a large runed translucent door.
  5177 | D:5      | Noticed Shard1697's ghost (novice AtFi)
  5465 | D:6      | Reached skill level 4 in Spellcasting
  5581 | D:6      | Noticed a two-headed ogre
  5866 | D:6      | Reached XP level 8. HP: 57/57 MP: 9/15
  6154 | D:6      | Killed a two-headed ogre
  6155 | D:6      | Reached skill level 5 in Spellcasting
  6328 | D:6      | Reached skill level 1 in Ranged Weapons
  6916 | D:7      | Found Oree's Weapon Boutique.
  6949 | D:7      | Noticed a two-headed ogre
  6970 | D:7      | Reached XP level 9. HP: 29/65 MP: 7/17
  6982 | D:7      | Slain by a two-headed ogre

Illustrated notes

Levels and vault maps discovered:
D:1:      minmay_arrival_glassed_features, layout_loops_ring, serial_shops,
          shop, lemuel_flame_loot_1
D:2:      layout_basic
D:3:      layout_basic, portal_sewer_entry_e, gammafunk_ghost_abyssal_escape,
          minmay_misc_feat_five, uniq_natasha, uniq_robin
D:4:      layout_basic, minmay_temple_entry_proselytizer
D:5:      layout_loops_ring, ebering_ghost_disaster_area
D:6:      layout_basic, serial_bayou_pond_c
D:7:      layout_layer_cave, fedhas_altar_1, serial_shops,
          nicolae_stop_n_shop_1, nrook_campfire, hangedman_abyss_or_decor_stabs,
          serial_bayou_pond_b, minmay_manual_mess, uniq_crazy_yiuf_cottage

Skill      XL: |  1  2  3  4  5  6  7  8 |
---------------+-------------------------+-----
Transmutations | 1 2 3 4 |  4.3
Poison Magic   | 3 4 |  4.2
Fighting       | 2 3 |  3.8
Fire Magic     | 1 2 3 |  3.0
Spellcasting   | 3 4 5 |  5.8
Stealth        | 1 |  1.2
Short Blades   | 1 2 |  2.1
Throwing       | 3 |  3.1
Necromancy     | 1 2 3 |  3.2
Dodging        | 2 |  2.2
Ranged Weapons | 1 |  1.0
Armour         | |  0.1
Shields        | |  0.3
Evocations     | |  1.0

Action                     |  1- 3 |  4- 6 |  7- 9 || total
---------------------------+-------+-------+-------++-------
  Melee: Dagger            |    83 |       |       ||    83
         Short sword       |    17 |   136 |    66 ||   219
   Fire: Sling             |     4 |     5 |    10 ||    19
  Throw: Dart              |     6 |     2 |     3 ||    11
         Stone             |     4 |    15 |     2 ||    21
   Cast: Sting             |    29 |    77 |    33 ||   139
         Necrotise         |       |     1 |    17 ||    18
         Ignite Poison     |       |     1 |     9 ||    10
  Evoke: Wand              |       |       |     1 ||     1
    Use: Scroll            |     2 |     4 |    11 ||    17
         Potion            |       |     2 |     1 ||     3
   Stab: Sleeping          |     2 |     4 |     1 ||     7
 Armour: Leather armour    |    37 |    41 |    15 ||    93
  Dodge: Dodged            |    66 |   122 |    60 ||   248
  Block: Other             |       |       |     9 ||     9

Table legend: (Time is in decaauts)
 A = Elapsed time spent in this place.
 B = Non-inter-level travel time spent in this place.
 C = Inter-level travel time spent in this place.
 D = Time resting spent in this place.
 E = Time spent auto-exploring this place.
 F = Levels seen in this place.
 G = Mean time per level.
                   A        B        C        D        E       F      G
               +--------+--------+--------+--------+--------+-----+--------+
         Total |   6965 |   6782 |    183 |    858 |   4582 |   7 |  995.0 |
       Dungeon |   6965 |   6782 |    183 |    858 |   4582 |   7 |  995.0 |
               +--------+--------+--------+--------+--------+-----+--------+

Top non-repeatable levels by time:
     D:6: 1412 daAuts
     D:3: 1139 daAuts
     D:2: 1127 daAuts
     D:5: 1118 daAuts
     D:4: 1096 daAuts
     D:1: 1003 daAuts
     D:7: 67 daAuts
